 Dungeon Crawl Stone Soup version 0.19.4-9-g45fd643 (webtiles) character file.

53322 laan the Severer (level 14, -7/129 HPs)
             Began as a Deep Dwarf Fighter on Feb 17, 2017.
             Was the Champion of Makhleb.
             Mangled by a manticore (16 damage)
             ... summoned by Kirke
             ... on level 13 of the Dungeon.
             The game lasted 00:21:00 (17649 turns).

laan the Severer (Deep Dwarf Fighter)              Turns: 17649, Time: 00:21:01

Health: -7/129     AC:  0    Str: 26    XL:     14   Next: 30%
Magic:  8/8        EV: 18    Int:  8    God:    Makhleb [******]
Gold:   1322       SH:  0    Dex: 12    Spells: 0 memorised, 13 levels left

rFire  . . .     SeeInvis .     (weapon currently unavailable)
rCold  . . .     Gourm    .     (armour currently unavailable)
rNeg   + . .     Faith    .     (shield currently unavailable)
rPois  .         Spirit   .     (helmet currently unavailable)
rElec  .         Reflect  .     (cloak currently unavailable)
rCorr  .         Harm     .     (gloves currently unavailable)
MR     ++...                    (boots currently unavailable)
Stlth  +.........               (no amulet)
                                (ring currently unavailable)
                                (ring currently unavailable)

@: about to teleport, pig-form, non-regenerating, very quick
A: damage resistance, recharge devices, negative energy resistance 1, sense
surroundings 2, slow regeneration 3
a: Device Recharging, Minor Destruction, Lesser Servant of Makhleb, Major
Destruction, Greater Servant of Makhleb, Renounce Religion


You were on level 13 of the Dungeon.
You worshipped Makhleb.
Makhleb was exalted by your worship.
You were not hungry.
You were a filthy swine.
You visited 2 branches of the dungeon, and saw 19 of its levels.
You also visited: Sewer.

You collected 1322 gold pieces.


Innate Abilities, Weirdness & Mutations

You are resistant to damage.
You can recharge devices by infusing magical energy.
You resist negative energy. (rN+)
You passively map the area around you.
You do not regenerate.


   Skills:
 - Level 9.0 Fighting
 - Level 16.0 Axes
 - Level 9.2 Armour
 + Level 6.6 Dodging
 - Level 11.0 Shields
 - Level 15.0 Invocations


You had 13 spell levels left.
You didn't know any spells.

Inventory:

Hand Weapons
 l - a +1 hand axe of flaming
 Y - a +6 war axe (melded)
Missiles
 m - 15 tomahawks (quivered)
Armour
 g - a +3 chain mail of poison resistance (melded)
 o - a +0 large shield (melded)
 r - a +0 cloak (melded)
 t - a +2 hat of magic resistance (melded)
 v - a +1 plate armour of magic resistance
 y - a +1 pair of boots of flying (melded)
Jewellery
 b - an uncursed ring of fire
 c - an uncursed ring of fire
 w - a +5 ring of evasion (melded)
 z - a +3 amulet of reflection {unknown}
Wands
 q - a wand of disintegration (8/24)
 u - a wand of confusion (19/48)
 C - a wand of heal wounds (4/9)
Scrolls
 a - 5 scrolls of identify
 i - 2 scrolls of teleportation
 k - 12 scrolls of remove curse
 E - 2 scrolls of recharging
Potions
 d - 4 potions of might
 h - 6 potions of curing
 n - 4 potions of haste
 p - a potion of cure mutation
 B - a potion of resistance
Comestibles
 e - 6 beef jerkies
 f - 11 bread rations
 j - 8 meat rations
 s - 9 fruits
 x - 11 slices of pizza
 A - a royal jelly
 D - 3 chunks of flesh

Dungeon Overview and Level Annotations

Branches:
Dungeon (13/15)            Temple (0/1) D:4            Lair (6/6) D:10
  Swamp (0/4) Lair:3       Spider (0/4) Lair:4        Slime (0/5) Lair:5
    Orc (0/2) D:10
 Vaults: D:13-14

Altars:
Ashenzari
Cheibriados
Dithmenos
Elyvilon
Fedhas
Hepliaklqana
Kikubaaqudgha
Makhleb
Okawaru
Qazlal
Trog
Uskayaw
Xom
Yredelemnul
Zin
Jiyva

Shops:
D:9 %

Portals:
Trove: D:13 (give 9 potions of agility)

Annotations:
D:13 Kirke


Message History

The harpy is severely wounded.
The harpy claws you! x2; The harpy misses you.
The harpy closely misses you. The harpy misses you.
The harpy completely misses you. Something hits you!
17648 ||| INVOKING Greater Servant of Makhleb.
A demon appears!
The harpy screeches!
The harpy claws you! x2; The harpy claws you.
The harpy misses you.
You hear some strange, mumbled words.
Something summons a manticore!
17649 ||| READING 3 scrolls of teleportation.
As you read the scroll of teleportation, it crumbles to dust.
You feel strangely unstable. The harpy misses you.
The harpy completely misses you.
Your Executioner hits the manticore!!
Your Executioner completely misses the manticore.
Your Executioner barely misses the manticore.
The harpy completely misses you. The harpy closely misses you.
Something hits you. The harpy completely misses you. x2
The manticore bites you!!
You die...

......................#.......#
.........?............#.......#
...####.....###.......#.......#
#######.....###.......#.......#
...........>##........#.......#
............##........#.......#
............##........#, *
............##..H.....# . ,
#######'###'####h######..h ,
...............H{H........ *
#.=<..######......1....... ,,
#.....# #.<....#....... ,
#........ ........#.....## *
#......................... ,
#......................(.. ,
##########################


You could see a manticore, 2 harpies and a friendly Executioner.

Vanquished Creatures
  6 dire elephants (Lair:6)
  The ghost of Xiguana the Fighter, a journeyman DrCK of Xom (D:11)
  A vault guard (D:13)
  2 centaur warriors (D:13)
  An anaconda (Lair:6)
  A tengu warrior (D:13)
  Pikel (D:5)
  The ghost of Xiguana the Fighter, a novice DrCK of Xom (D:6)
  3 hill giants
  2 deep elf magi
  2 manticores
  A cyclops (D:12)
  An ugly thing (D:11)
  9 elephants
  A centaur zombie (D:10)
  A guardian serpent (D:13)
  A gargoyle (D:12)
  Joseph (D:8)
  4 black mambas
  2 centaur skeletons (D:13)
  11 spiny frogs
  A rime drake (Lair:1)
  3 komodo dragons
  A polar bear (Lair:5)
  3 trolls
  3 hornets (D:11)
  A two-headed ogre (D:11)
  6 blink frogs
  5 slime creatures (D:13)
  5 dream sheep (Lair:6)
  5 hippogriffs
  A wraith (D:13)
  3 wyverns
  7 hogs (D:13)
  42 yaks
  Grum (D:8)
  A hungry ghost (D:12)
  10 vampire mosquitoes
  2 mottled dragons
  9 soldier ants
  5 water moccasins
  3 porcupines
  2 ice beasts
  7 orc warriors
  2 sky beasts
  2 slaves (D:5)
  A black bear (D:11)
  2 phantoms
  4 ogres
  3 wolves (D:8)
  8 centaurs
  An eye of draining (D:12)
  13 crocodiles
  15 bullfrogs
  2 scorpions
  A wyvern skeleton (D:13)
  8 killer bees
  2 vampire bats (D:5)
  12 wights
  7 howler monkeys
  An electric eel (D:8)
  5 crimson imps
  A bullfrog zombie (D:11)
  A quasit (D:11)
  6 hounds
  A jelly (D:12)
  8 orc priests
  A gnoll shaman (D:6)
  10 orc wizards
  3 bullfrog skeletons
  An iguana (D:9)
  18 worker ants
  9 hell rats
  A howler monkey zombie (D:8)
  Robin (D:2)
  6 gnolls
  15 river rats
  36 adders
  A shadow imp (D:12)
  3 oozes
  A worm (D:2)
  2 adder skeletons
  3 dart slugs
  8 leopard geckos
  39 orcs
  11 ball pythons
  16 bats
  4 bat skeletons (D:5)
  2 bat zombies (D:5)
  4 giant cockroaches
  15 goblins
  13 hobgoblins
  2 jackals (D:1)
  4 quokkas
  5 frilled lizards
  7 kobolds
  A quokka skeleton (D:4)
  43 rats
  A spectral orc (D:5)
  A plant (Lair:6)
572 creatures vanquished.

Vanquished Creatures (collateral kills)
  2 entropy weavers (Lair:6)
  2 hydras
  A queen ant (Lair:6)
  Sonja (Lair:4)
  An unseen horror (D:11)
  A polar bear (Lair:6)
  A redback (Lair:4)
  A wyvern (Lair:6)
  4 hogs (D:11)
  A human (D:11)
  11 soldier ants (Lair:6)
  A bullfrog (Lair:4)
  A killer bee (D:11)
  A bullfrog skeleton (D:11)
  12 worker ants (Lair:6)
41 creatures vanquished.

Vanquished Creatures (others)
  A tengu conjurer (D:13)
  A slave (D:5)
  A killer bee (D:11)
  A river rat (D:5)
  A giant cockroach (D:5)
  5 rats (D:5)
  3 fungi
  11 plants
24 creatures vanquished.

Grand Total: 637 creatures vanquished

Notes
Turn   | Place    | Note
-------+----------+-------------------------------------------
     0 | D:1      | laan the Deep Dwarf Fighter began the quest for the Orb.
     0 | D:1      | Reached XP level 1. HP: 20/20 MP: 1/1
     0 | D:1      | 0 ||| counter = 2
   139 | D:1      | Reached skill level 3 in Axes
   150 | D:1      | Reached XP level 2. HP: 25/27 MP: 2/2
   162 | D:1      | Reached skill level 1 in Dodging
   294 | D:1      | Reached XP level 3. HP: 31/33 MP: 3/3
   819 | D:1      | 819 ||| READING 3 scrolls labeled BEODDI QOUBI.
   820 | D:1      | 820 ||| READING scroll labeled CEOCAM NEEMOUJ.
   821 | D:1      | 821 ||| READING scroll labeled YRA QAYBOC.
   822 | D:1      | 822 ||| READING scroll labeled VUFAMOI OKOTUR.
   823 | D:1      | 823 ||| READING scroll labeled QAAGIUMPOPS.
   824 | D:1      | 824 ||| DRINKING 2 green potions.
   825 | D:1      | 825 ||| READING 2 scrolls of identify.
   825 | D:1      | 825 ||| IDENTIFYING small granite ring
   826 | D:1      | 826 ||| DROPPING cursed ring of loudness.
   827 | D:1      | 827 ||| DROPPING potion of degeneration.
   881 | D:2      | 881 ||| STAIRDANCE
   937 | D:2      | Noticed Robin
   951 | D:2      | Reached skill level 4 in Axes
   979 | D:2      | Killed Robin
  1062 | D:2      | Reached XP level 4. HP: 23/40 MP: 4/4
  1093 | D:2      | Found a stormy altar of Qazlal.
  1165 | D:2      | Found a faded altar of an unknown god.
  1165 | D:2      | Found a faded altar of an unknown god.
  1176 | D:2      | Found a faded altar of an unknown god.
  1184 | D:2      | Found a faded altar of an unknown god.
  1185 | D:2      | Found a shadowy altar of Dithmenos.
  1228 | D:2      | 1228 ||| ZAPPING wand of heal wounds (5/9).
  1386 | D:2      | Reached skill level 5 in Axes
  1743 | D:2      | 1743 ||| UPGRADING to helmet.
  1748 | D:2      | 1748 ||| READING scroll labeled LOUXOZ LOASASA.
  1749 | D:2      | 1749 ||| DRINKING 2 fuming cyan potions.
  1806 | D:3      | Reached XP level 5. HP: 46/46 MP: 5/5
  1835 | D:3      | 1835 ||| SWAPPING to runed hand axe.
  1836 | D:3      | 1836 ||| SWAPPING to +1 war axe.
  1837 | D:3      | 1837 ||| DROPPING club.
  2093 | D:3      | Found an iron altar of Okawaru.
  2107 | D:3      | Found a burning altar of Makhleb.
  2111 | D:3      | Became a worshipper of Makhleb the Destroyer
  2117 | D:3      | Found a hazy altar of Hepliaklqana.
  2120 | D:3      | Found a blossoming altar of Fedhas.
  2174 | D:3      | 2174 ||| Stepping ~*~*~tactically~*~*~ (water).
  2515 | D:3      | 2515 ||| READING scroll of enchant weapon.
  2515 | D:3      | 2515 ||| ENCHANTING +1 war axe.
  2577 | D:3      | Reached skill level 6 in Axes
  2577 | D:3      | Reached skill level 1 in Invocations
  2594 | D:3      | 2594 ||| UPGRADING to chain mail.
  2604 | D:3      | 2604 ||| DROPPING +0 scale mail.
  2605 | D:3      | 2605 ||| READING scroll labeled KIUBBA WULYGH.
  2606 | D:3      | 2606 ||| DRINKING 2 black potions.
  2607 | D:3      | 2607 ||| READING 3 scrolls of identify.
  2607 | D:3      | 2607 ||| IDENTIFYING fuming silvery potion
  2608 | D:3      | 2608 ||| READING 2 scrolls of identify.
  2608 | D:3      | 2608 ||| IDENTIFYING dark potion
  2609 | D:3      | 2609 ||| DROPPING potion of brilliance.
  2610 | D:3      | 2610 ||| DROPPING potion of agility.
  2611 | D:3      | 2611 ||| DROPPING potion of flight.
  2644 | D:4      | 2644 ||| STAIRDANCE
  2732 | D:4      | Reached XP level 6. HP: 44/55 MP: 6/8
  2734 | D:4      | Reached skill level 3 in Invocations
  2962 | D:4      | Reached skill level 7 in Axes
  2963 | D:4      | Reached XP level 7. HP: 37/61 MP: 10/10
  2969 | D:4      | Found a staircase to the Ecumenical Temple.
  3084 | D:4      | 3084 ||| READING scroll of enchant weapon.
  3084 | D:4      | 3084 ||| ENCHANTING +2 war axe.
  3250 | D:4      | 3250 ||| READING scroll labeled LANUAM REJA.
  3251 | D:4      | 3251 ||| DRINKING 2 lumpy inky potions.
  3274 | D:4      | 3274 ||| DROPPING potion of lignification.
  3275 | D:4      | 3275 ||| DROPPING wand of iceblast.
  3290 | D:5      | Entered Level 5 of the Dungeon
  3336 | D:5      | Reached skill level 8 in Axes
  3345 | D:5      | Reached * piety under Makhleb
  3365 | D:5      | Found a shimmering altar of Xom.
  3421 | D:5      | Found a basalt altar of Yredelemnul.
  3622 | D:5      | Noticed Pikel
  3637 | D:5      | 3637 ||| ZAPPING wand of heal wounds (4/9).
  3638 | D:5      | 3638 ||| READING 2 scrolls of recharging.
  3638 | D:5      | 3638 ||| RECHARGING wand of heal wounds (3/9).
  3654 | D:5      | Killed Pikel
  3654 | D:5      | Reached XP level 8. HP: 63/68 MP: 11/11
  3699 | D:5      | Reached skill level 3 in Fighting
  3887 | D:5      | Found a glowing drain.
  3888 | D:5      | 3888 ||| Found Sewer.
  3895 | Sewer    | Entered a sewer
  3896 | Sewer    | 3896 ||| Entered Sewer.
  3909 | Sewer    | 3909 ||| Stepping ~*~*~tactically~*~*~ (water).
  3999 | Sewer    | 3999 ||| Stepping ~*~*~tactically~*~*~ (water).
  4000 | Sewer    | Reached ** piety under Makhleb
  4221 | Sewer    | 4221 ||| UPGRADING to pair of boots.
  4226 | Sewer    | 4226 ||| READING 3 scrolls labeled BIRGHY FECHIGGO.
  4229 | Sewer    | 4229 ||| READING 3 scrolls labeled UMUUPTE MIT CEUT.
  4230 | Sewer    | 4230 ||| DRINKING 3 ruby potions.
  4231 | Sewer    | 4231 ||| READING 4 scrolls of identify.
  4231 | Sewer    | 4231 ||| IDENTIFYING inky potion
  4232 | Sewer    | 4232 ||| DROPPING wand of random effects.
  4233 | Sewer    | 4233 ||| DROPPING 2 scrolls of magic mapping.
  4234 | Sewer    | 4234 ||| DROPPING potion of magic.
  4361 | D:5      | Found an ancient bone altar of Kikubaaqudgha.
  4375 | D:5      | Reached *** piety under Makhleb
  4419 | D:6      | Noticed Xiguana's ghost (novice DrCK)
  4425 | D:6      | 4425 ||| DRINKING 2 potions of heal wounds.
  4436 | D:6      | HP: 16/69 [Xiguana's ghost/bolt of negative energy (34)]
  4437 | D:6      | 4437 ||| READING 2 scrolls of teleportation.
  4438 | D:6      | 4438 ||| DRINKING potion of heal wounds.
  4479 | D:6      | Reached skill level 6 in Invocations
  4495 | D:6      | HP: 11/69 [Xiguana's ghost/bolt of negative energy (34)]
  4496 | D:6      | 4496 ||| READING scroll of teleportation.
  4496 | D:6      | HP: 4/69 [Xiguana's ghost (5)]
  4497 | D:6      | 4497 ||| ZAPPING wand of heal wounds (4/9).
  4498 | D:6      | 4498 ||| ZAPPING wand of heal wounds (3/9).
  4499 | D:6      | 4499 ||| READING 3 scrolls of recharging.
  4499 | D:6      | 4499 ||| RECHARGING wand of heal wounds (2/9).
  4505 | D:6      | 4505 ||| ZAPPING wand of heal wounds (8/9).
  4515 | D:6      | HP: 4/69 [Xiguana's ghost/bolt of negative energy (32)]
  4516 | D:6      | 4516 ||| ZAPPING wand of heal wounds (7/9).
  4520 | D:6      | 4520 ||| ZAPPING wand of heal wounds (6/9).
  4527 | D:6      | 4527 ||| ZAPPING wand of heal wounds (5/9).
  4538 | D:6      | 4538 ||| ZAPPING wand of heal wounds (4/9).
  4542 | D:6      | HP: 13/69 [Xiguana's ghost/bolt of negative energy (27)]
  4543 | D:6      | 4543 ||| ZAPPING wand of heal wounds (3/9).
  4546 | D:6      | 4546 ||| ZAPPING wand of heal wounds (2/9).
  4547 | D:6      | 4547 ||| ZAPPING wand of heal wounds (1/9).
  4548 | D:6      | 4548 ||| READING 2 scrolls of recharging.
  4548 | D:6      | 4548 ||| RECHARGING wand of heal wounds (0/9).
  4552 | D:6      | 4552 ||| ZAPPING wand of heal wounds (3/9).
  4555 | D:6      | 4555 ||| ZAPPING wand of heal wounds (2/9).
  4556 | D:6      | 4556 ||| READING scroll of recharging.
  4556 | D:6      | 4556 ||| RECHARGING wand of heal wounds (1/9).
  4557 | D:6      | 4557 ||| ZAPPING wand of heal wounds (3/9).
  4560 | D:6      | 4560 ||| ZAPPING wand of heal wounds (2/9).
  4561 | D:6      | 4561 ||| MP-RECHARGING wand of heal wounds (1/9).
  4564 | D:6      | 4564 ||| ZAPPING wand of heal wounds (3/9).
  4571 | D:6      | HP: 17/69 [Xiguana's ghost/bolt of negative energy (24)]
  4572 | D:6      | 4572 ||| ZAPPING wand of heal wounds (2/9).
  4573 | D:6      | 4573 ||| MP-RECHARGING wand of heal wounds (1/9).
  4574 | D:6      | 4574 ||| MP-RECHARGING wand of heal wounds (1/9).
  4575 | D:6      | 4575 ||| MP-RECHARGING wand of heal wounds (1/9).
  4577 | D:6      | 4577 ||| ZAPPING wand of heal wounds (5/9).
  4578 | D:6      | Killed Xiguana's ghost
  4578 | D:6      | Reached skill level 9 in Axes
  4578 | D:6      | Gained mutation: You passively map the area around you. [Deep Dwarf growth]
  4578 | D:6      | Reached XP level 9. HP: 45/76 MP: 10/12
  4581 | D:6      | 4581 ||| ZAPPING wand of heal wounds (4/9).
  4582 | D:6      | 4582 ||| MP-RECHARGING wand of heal wounds (3/9).
  4584 | D:6      | 4584 ||| EATING royal jelly.
  4629 | D:6      | 4629 ||| ZAPPING wand of heal wounds (7/9).
  4637 | D:6      | 4637 ||| ZAPPING wand of heal wounds (6/9).
  4723 | D:6      | Noticed a hill giant
  4735 | D:6      | 4735 ||| ZAPPING wand of heal wounds (5/9).
  4737 | D:6      | 4737 ||| ZAPPING wand of heal wounds (4/9).
  4738 | D:6      | Killed a hill giant
  4738 | D:6      | Reached skill level 10 in Axes
  4747 | D:6      | 4747 ||| ZAPPING wand of heal wounds (3/9).
  4749 | D:6      | 4749 ||| ZAPPING wand of heal wounds (2/9).
  4750 | D:6      | 4750 ||| MP-RECHARGING wand of heal wounds (1/9).
  4751 | D:6      | 4751 ||| ZAPPING wand of heal wounds (4/9).
  4753 | D:6      | Reached skill level 9 in Invocations
  4754 | D:6      | 4754 ||| MP-RECHARGING wand of heal wounds (3/9).
  4788 | D:6      | 4788 ||| ZAPPING wand of heal wounds (7/9).
  4798 | D:6      | 4798 ||| ZAPPING wand of heal wounds (6/9).
  4804 | D:6      | 4804 ||| ZAPPING wand of heal wounds (5/9).
  4807 | D:6      | 4807 ||| ZAPPING wand of heal wounds (4/9).
  4815 | D:6      | 4815 ||| ZAPPING wand of heal wounds (3/9).
  4816 | D:6      | 4816 ||| MP-RECHARGING wand of heal wounds (2/9).
  4930 | D:6      | 4930 ||| UPGRADING to plate armour.
  4940 | D:6      | 4940 ||| DROPPING +0 chain mail.
  4941 | D:6      | 4941 ||| UPGRADING to agate ring.
  4942 | D:6      | 4942 ||| REMOVING ring of fire.
  4943 | D:6      | 4943 ||| READING 4 scrolls of identify.
  4943 | D:6      | 4943 ||| IDENTIFYING fizzy ruby potion
  5322 | D:7      | 5322 ||| DRINKING 5 potions of curing.
  5322 | D:7      | 5322 ||| (to cure confusion)
  5334 | D:7      | 5334 ||| DRINKING 4 potions of curing.
  5334 | D:7      | 5334 ||| (to cure confusion)
  5395 | D:7      | Found a bloodstained altar of Trog.
  5980 | D:7      | 5980 ||| DROPPING wand of flame.
  6029 | D:8      | Reached XP level 10. HP: 74/85 MP: 11/11
  6286 | D:8      | Reached **** piety under Makhleb
  6422 | D:8      | Noticed Grum
  6448 | D:8      | Killed Grum
  6493 | D:8      | 6493 ||| DRINKING potion of heal wounds.
  6563 | D:8      | Noticed Joseph
  6594 | D:8      | Killed Joseph
  6983 | D:8      | 6983 ||| UPGRADING to shiny plate armour.
  6994 | D:8      | 6994 ||| DROPPING +0 plate armour.
  6995 | D:8      | 6995 ||| UPGRADING to twisted sapphire ring.
  6996 | D:8      | 6996 ||| REMOVING ring of stealth.
  6997 | D:8      | 6997 ||| DROPPING ring of stealth.
  6998 | D:8      | 6998 ||| READING scroll labeled XYCE AQUQASCHE.
  6999 | D:8      | 6999 ||| READING 5 scrolls of identify.
  6999 | D:8      | 6999 ||| IDENTIFYING murky emerald potion
  7000 | D:8      | 7000 ||| READING 4 scrolls of identify.
  7000 | D:8      | 7000 ||| IDENTIFYING cyan potion
  7001 | D:8      | 7001 ||| DROPPING potion of mutation.
  7002 | D:8      | 7002 ||| DROPPING potion of invisibility.
  7116 | D:9      | HP: 17/85 [orc warrior/battleaxe (31)]
  7117 | D:9      | 7117 ||| READING 2 scrolls of teleportation.
  7118 | D:9      | 7118 ||| DRINKING 2 potions of heal wounds.
  7119 | D:9      | 7119 ||| DRINKING potion of heal wounds.
  7119 | D:9      | Found a snail-covered altar of Cheibriados.
  7120 | D:9      | 7120 ||| ZAPPING wand of heal wounds (6/9).
  7159 | D:9      | Reached skill level 11 in Axes
  7254 | D:9      | Found a hide-covered altar of Uskayaw.
  7314 | D:9      | Found a shattered altar of Ashenzari.
  7350 | D:9      | 7350 ||| ZAPPING wand of heal wounds (5/9).
  7358 | D:9      | 7358 ||| ZAPPING wand of heal wounds (4/9).
  7364 | D:9      | 7364 ||| ZAPPING wand of heal wounds (3/9).
  7365 | D:9      | 7365 ||| ZAPPING wand of heal wounds (2/9).
  7366 | D:9      | 7366 ||| MP-RECHARGING wand of heal wounds (1/9).
  7370 | D:9      | 7370 ||| MP-RECHARGING wand of heal wounds (3/9).
  7734 | D:9      | Found Vadeq's Food Shop.
  7746 | D:9      | 7746 ||| UPGRADING to cloak.
  7751 | D:9      | 7751 ||| READING scroll labeled FASIL XEMUSHRO.
  7751 | D:9      | Identified a scroll of acquirement
  7753 | D:9      | 7753 ||| UPGRADING to runed hat.
  7763 | D:9      | 7763 ||| DROPPING +0 helmet.
  7764 | D:9      | 7764 ||| READING 3 scrolls of identify.
  7764 | D:9      | 7764 ||| IDENTIFYING metallic dark potion
  7786 | D:10     | Entered Level 10 of the Dungeon
  7786 | D:10     | Found a glowing silver altar of Zin.
  7788 | D:10     | 7788 ||| STAIRDANCE
  7880 | D:10     | Reached skill level 12 in Invocations
  8018 | D:10     | Reached skill level 6 in Armour
  8180 | D:10     | Found a staircase to the Orcish Mines.
  8349 | D:10     | Reached ***** piety under Makhleb
  8420 | D:10     | Reached XP level 11. HP: 65/96 MP: 12/12
  8431 | D:10     | Reached skill level 3 in Dodging
  8601 | D:10     | Found a staircase to the Lair.
  8768 | D:10     | 8768 ||| READING scroll labeled MIEFRU WEOSO.
  8769 | D:10     | 8769 ||| DROPPING wand of lightning.
  8809 | Lair:1   | Entered Level 1 of the Lair of Beasts
  8810 | Lair:1   | 8810 ||| Entered L.
  8951 | Lair:1   | 8951 ||| ZAPPING wand of heal wounds (7/9).
  9223 | Lair:1   | 9223 ||| ZAPPING wand of heal wounds (6/9).
  9227 | Lair:1   | 9227 ||| ZAPPING wand of heal wounds (5/9).
  9228 | Lair:1   | 9228 ||| ZAPPING wand of heal wounds (4/9).
  9233 | Lair:1   | 9233 ||| ZAPPING wand of heal wounds (3/9).
  9234 | Lair:1   | 9234 ||| MP-RECHARGING wand of heal wounds (2/9).
  9249 | Lair:1   | 9249 ||| ZAPPING wand of heal wounds (5/9).
  9423 | Lair:1   | 9423 ||| ZAPPING wand of heal wounds (4/9).
  9424 | Lair:1   | 9424 ||| MP-RECHARGING wand of heal wounds (3/9).
  9683 | Lair:1   | 9683 ||| UPGRADING to pair of embroidered boots.
  9693 | Lair:1   | 9693 ||| DROPPING +0 pair of boots.
  9694 | Lair:1   | 9694 ||| UPGRADING to runed sapphire amulet.
  9695 | Lair:1   | 9695 ||| REMOVING amulet of guardian spirit.
  9696 | Lair:1   | 9696 ||| DROPPING amulet of guardian spirit.
  9697 | Lair:1   | 9697 ||| UPGRADING to marble ring.
  9698 | Lair:1   | 9698 ||| DRINKING 2 viscous orange potions.
  9725 | Lair:1   | 9725 ||| READING 3 scrolls of identify.
  9725 | Lair:1   | 9725 ||| IDENTIFYING viscous blue potion
  9726 | Lair:1   | 9726 ||| DROPPING potion of berserk rage.
  9727 | Lair:1   | 9727 ||| DROPPING potion of cancellation.
  9749 | Lair:2   | 9749 ||| STAIRDANCE
  9755 | Lair:1   | Reached skill level 12 in Axes
  9765 | Lair:2   | 9765 ||| STAIRDANCE
 10745 | Lair:2   | 10745 ||| READING scroll labeled ORRIAREJYH.
 10746 | Lair:2   | 10746 ||| DROPPING wand of polymorph.
 10888 | Lair:3   | Found a staircase to the Swamp.
 10966 | Lair:3   | Noticed a five-headed hydra
 10967 | Lair:3   | 10967 ||| INVOKING Greater Servant of Makhleb.
 10969 | Lair:3   | 10969 ||| SWAPPING to +1 hand axe of flaming.
 10973 | Lair:3   | Killed a five-headed hydra
 10974 | Lair:3   | 10974 ||| SWAPPING to +3 war axe.
 11026 | Lair:3   | 11026 ||| EATING 4 beef jerkies.
 11083 | Lair:3   | 11083 ||| READING scroll of enchant weapon.
 11083 | Lair:3   | 11083 ||| ENCHANTING +3 war axe.
 11126 | Lair:3   | Reached skill level 15 in Invocations
 11760 | Lair:3   | 11760 ||| UPGRADING to large shield.
 11780 | Lair:3   | 11780 ||| DROPPING +0 shield.
 11811 | Lair:3   | 11811 ||| EATING 3 beef jerkies.
 11823 | Lair:4   | Noticed Sonja
 11944 | Lair:4   | 11944 ||| INVOKING Greater Servant of Makhleb.
 11948 | Lair:4   | Killed Sonja
 11948 | Lair:4   | Reached skill level 6 in Fighting
 11948 | Lair:4   | Reached XP level 12. HP: 74/105 MP: 13/13
 11949 | Lair:4   | 11949 ||| DRINKING 7 potions of curing.
 11949 | Lair:4   | 11949 ||| (to cure poison)
 11984 | Lair:4   | Found a hole to the Spider Nest.
 12101 | Lair:4   | Noticed a seven-headed hydra
 12104 | Lair:4   | 12104 ||| SWAPPING to +1 hand axe of flaming.
 12108 | Lair:4   | Killed a four-headed hydra
 12109 | Lair:4   | 12109 ||| ZAPPING wand of heal wounds (7/9).
 12110 | Lair:4   | 12110 ||| SWAPPING to +4 war axe.
 12192 | Lair:4   | 12192 ||| ZAPPING wand of heal wounds (6/9).
 12210 | Lair:4   | Reached skill level 13 in Axes
 12298 | Lair:4   | 12298 ||| ZAPPING wand of heal wounds (5/9).
 12402 | Lair:4   | 12402 ||| UPGRADING to encrusted onyx ring.
 12403 | Lair:4   | 12403 ||| READING 7 scrolls of remove curse.
 12404 | Lair:4   | 12404 ||| REMOVING ring of teleportation.
 12405 | Lair:4   | 12405 ||| DROPPING ring of teleportation.
 12406 | Lair:4   | 12406 ||| READING scroll labeled YKEGEPUHUQU.
 12460 | Lair:5   | Found a staircase to the Slime Pits.
 12461 | Lair:5   | Found a viscous altar of Jiyva.
 12693 | Lair:5   | Reached skill level 9 in Shields
 12809 | Lair:5   | 12809 ||| EATING 5 beef jerkies.
 12983 | Lair:5   | 12983 ||| READING 5 scrolls of identify.
 12983 | Lair:5   | 12983 ||| IDENTIFYING ring of fire
 13007 | Lair:6   | Entered Level 6 of the Lair of Beasts
 13310 | Lair:6   | Reached skill level 14 in Axes
 13501 | Lair:6   | Noticed an entropy weaver
 13502 | Lair:6   | 13502 ||| INVOKING Greater Servant of Makhleb.
 13503 | Lair:6   | Noticed an entropy weaver
 13505 | Lair:6   | Noticed a queen ant
 13510 | Lair:6   | 13510 ||| Stepping ~*~*~tactically~*~*~ (cloud).
 13515 | Lair:6   | 13515 ||| READING 4 scrolls of teleportation.
 13516 | Lair:6   | 13516 ||| ZAPPING wand of heal wounds (4/9).
 13517 | Lair:6   | 13517 ||| ZAPPING wand of heal wounds (3/9).
 13518 | Lair:6   | 13518 ||| ZAPPING wand of heal wounds (2/9).
 13519 | Lair:6   | 13519 ||| READING scroll of recharging.
 13519 | Lair:6   | 13519 ||| RECHARGING wand of heal wounds (1/9).
 13520 | Lair:6   | 13520 ||| DRINKING 7 potions of curing.
 13520 | Lair:6   | 13520 ||| (to cure poison)
 13522 | Lair:6   | Killed an entropy weaver
 13642 | Lair:6   | 13642 ||| INVOKING Greater Servant of Makhleb.
 13648 | Lair:6   | Killed an entropy weaver
 13648 | Lair:6   | Reached XP level 13. HP: 100/115 MP: 14/14
 13717 | Lair:6   | Reached skill level 9 in Armour
 14004 | Lair:6   | Reached ****** piety under Makhleb
 14011 | Lair:6   | Noticed a dire elephant
 14011 | Lair:6   | Noticed a dire elephant
 14029 | Lair:6   | 14029 ||| DRINKING potion of heal wounds.
 14041 | Lair:6   | 14041 ||| ZAPPING wand of heal wounds (6/9).
 14042 | Lair:6   | Killed a dire elephant
 14050 | Lair:6   | 14050 ||| ZAPPING wand of heal wounds (5/9).
 14056 | Lair:6   | Killed a dire elephant
 14080 | Lair:6   | Noticed a dire elephant
 14094 | Lair:6   | 14094 ||| ZAPPING wand of heal wounds (4/9).
 14095 | Lair:6   | 14095 ||| ZAPPING wand of heal wounds (3/9).
 14099 | Lair:6   | 14099 ||| ZAPPING wand of heal wounds (2/9).
 14100 | Lair:6   | 14100 ||| MP-RECHARGING wand of heal wounds (1/9).
 14108 | Lair:6   | 14108 ||| ZAPPING wand of heal wounds (3/9).
 14113 | Lair:6   | 14113 ||| ZAPPING wand of heal wounds (2/9).
 14114 | Lair:6   | 14114 ||| MP-RECHARGING wand of heal wounds (1/9).
 14117 | Lair:6   | Killed a dire elephant
 14372 | Lair:6   | Noticed a dire elephant
 14404 | Lair:6   | 14404 ||| ZAPPING wand of heal wounds (5/9).
 14409 | Lair:6   | Killed a dire elephant
 14409 | Lair:6   | Reached skill level 15 in Axes
 14424 | Lair:6   | Noticed a dire elephant
 14455 | Lair:6   | 14455 ||| ZAPPING wand of heal wounds (4/9).
 14456 | Lair:6   | Killed a dire elephant
 14457 | Lair:6   | 14457 ||| MP-RECHARGING wand of heal wounds (3/9).
 14512 | Lair:6   | Noticed a dire elephant
 14521 | Lair:6   | 14521 ||| ZAPPING wand of heal wounds (8/9).
 14541 | Lair:6   | 14541 ||| ZAPPING wand of heal wounds (7/9).
 14550 | Lair:6   | 14550 ||| ZAPPING wand of heal wounds (6/9).
 14552 | Lair:6   | Killed a dire elephant
 14701 | Lair:6   | 14701 ||| READING scroll labeled OSHRUGGONTAO.
 14933 | D:11     | Noticed Xiguana's ghost (journeyman DrCK)
 14933 | D:11     | 14933 ||| INVOKING Greater Servant of Makhleb.
 14945 | D:11     | 14945 ||| ZAPPING wand of heal wounds (5/9).
 14950 | D:11     | 14950 ||| ZAPPING wand of heal wounds (4/9).
 14963 | D:11     | 14963 ||| ZAPPING wand of heal wounds (3/9).
 14971 | D:11     | 14971 ||| ZAPPING wand of heal wounds (2/9).
 14972 | D:11     | 14972 ||| MP-RECHARGING wand of heal wounds (1/9).
 14980 | D:11     | 14980 ||| ZAPPING wand of heal wounds (5/9).
 14981 | D:11     | 14981 ||| ZAPPING wand of heal wounds (4/9).
 14982 | D:11     | 14982 ||| ZAPPING wand of heal wounds (3/9).
 14983 | D:11     | 14983 ||| ZAPPING wand of heal wounds (2/9).
 14984 | D:11     | 14984 ||| MP-RECHARGING wand of heal wounds (1/9).
 14987 | D:11     | 14987 ||| ZAPPING wand of heal wounds (3/9).
 14988 | D:11     | Killed Xiguana's ghost
 14989 | D:11     | 14989 ||| MP-RECHARGING wand of heal wounds (2/9).
 15062 | D:11     | Found a white marble altar of Elyvilon.
 15165 | D:11     | 15165 ||| ZAPPING wand of heal wounds (5/9).
 15169 | D:11     | 15169 ||| ZAPPING wand of heal wounds (4/9).
 15170 | D:11     | 15170 ||| MP-RECHARGING wand of heal wounds (3/9).
 15824 | D:11     | 15824 ||| UPGRADING to glowing chain mail.
 15830 | D:11     | 15830 ||| UPGRADING to glowing chain mail.
 15840 | D:11     | 15840 ||| UPGRADING to bronze ring.
 15841 | D:11     | 15841 ||| READING 11 scrolls of remove curse.
 15842 | D:11     | 15842 ||| REMOVING -2 ring of protection.
 15843 | D:11     | 15843 ||| DROPPING -2 ring of protection.
 15844 | D:11     | 15844 ||| READING scroll labeled FECRAE BUERU.
 15845 | D:11     | 15845 ||| READING 6 scrolls of identify.
 15845 | D:11     | 15845 ||| IDENTIFYING fuming sapphire potion
 16015 | D:12     | 16015 ||| READING scroll of enchant weapon.
 16015 | D:12     | 16015 ||| ENCHANTING +4 war axe.
 16371 | D:12     | Reached skill level 16 in Axes
 16536 | D:12     | 16536 ||| READING scroll of enchant weapon.
 16536 | D:12     | 16536 ||| ENCHANTING +5 war axe.
 16714 | D:12     | 16714 ||| UPGRADING to notched marble ring.
 16715 | D:12     | 16715 ||| REMOVING ring of magical power.
 16716 | D:12     | 16716 ||| DROPPING ring of magical power.
 16717 | D:12     | 16717 ||| READING scroll labeled ONIYHO RIOR.
 16718 | D:12     | 16718 ||| ZAPPING wand of heal wounds (6/9).
 16719 | D:12     | 16719 ||| READING 5 scrolls of identify.
 16719 | D:12     | 16719 ||| IDENTIFYING viscous white potion
 16720 | D:12     | 16720 ||| DROPPING potion of ambrosia.
 16769 | D:13     | 16769 ||| STAIRDANCE
 16785 | D:12     | 16785 ||| ZAPPING wand of heal wounds (5/9).
 16788 | D:13     | 16788 ||| STAIRDANCE
 16797 | D:12     | Reached skill level 6 in Dodging
 16797 | D:12     | Gained mutation: You resist negative energy. (rN+) [Deep Dwarf growth]
 16797 | D:12     | Reached XP level 14. HP: 104/126 MP: 8/8
 16800 | D:13     | 16800 ||| STAIRDANCE
 17249 | D:13     | Reached skill level 9 in Fighting
 17326 | D:13     | Found a portal to a secret trove of treasure.
 17456 | D:13     | 17456 ||| READING 4 scrolls of teleportation.
 17616 | D:13     | Noticed Kirke
 17648 | D:13     | 17648 ||| INVOKING Greater Servant of Makhleb.
 17648 | D:13     | HP: 27/129 [harpy[Kirke] (14)]
 17649 | D:13     | 17649 ||| READING 3 scrolls of teleportation.
 17649 | D:13     | HP: 9/129 [something (5)]
 17649 | D:13     | Mangled by a manticore

Vault maps used:
D:1:      dpeg_arrival_central, kennysheep_doodads
D:2:      chequers_temple_overflow_minitemple, first_bread,
          nicolae_qazlal_eye_of_the_storm, uniq_robin
D:3:      minmay_wonky_spiral, grunt_temple_overflow_cloverleaf, serial_bayou,
          serial_bayou_shore_a, serial_bayou_shore_b, serial_bayou_pond_d,
          serial_bayou_crossing
D:4:      minmay_temple_entry_junction_2
D:5:      kennysheep_vampire_church, yredelemnul_forgotten_temple_becter,
          xom_butterflies, portal_sewer_entry_e, uniq_pikel
D:7:      cheibrodos_iron_armory, nicolae_overflow_crystal_walls
D:8:      uniq_grum, uniq_joseph
D:9:      lemuel_crystal_altar, overflow_temple_1_default, old_standard_altar,
          serial_shops, nicolae_shop_crystal
D:10:     grunt_lair_entry_orc_guard_hut, orc_0_dummy, basic_altar
D:11:     grunt_livestock, elyvilon_altar_3
D:12:     corexii_leaking_fountain
D:13:     grunt_vaults_entry_tiered, enter_trove_5, grunt_ministairs_8,
          nrook_guardian_serpent_double, uniq_kirke
Lair:2:   grunt_megastairs_2, serial_bayou_shore_b, lemuel_fruit_fields
Lair:3:   minmay_swamp_entry_swarm
Lair:4:   kennysheep_rathole, spider_nest_entry_a, uniq_sonja
Lair:5:   slime_altar_1
Lair:6:   due_jungle_book, zaba_anthell, grunt_megastairs_4
Sewer:    sewer_minmay_w

Skill      XL: |  1  2  3  4  5  6  7  8  9 10 11 12 13 14 |
---------------+-------------------------------------------+-----
Axes           | 3 4 5 6 7 8 9 10 11 12 14 16 | 16.0
Dodging        | 1 2 3 4 6 |  6.6
Invocations    | 2 4 7 10 12 15 | 15.0
Shields        | 7 8 9 10 11 | 11.0
Fighting       | 3 4 5 6 7 8 9 |  9.0
Armour         | 4 6 7 8 9 |  9.2

Action                   |  1- 3 |  4- 6 |  7- 9 | 10-12 | 13-15 || total
-------------------------+-------+-------+-------+-------+-------++-------
Melee: War axe           |   109 |   206 |   417 |   948 |   847 ||  2527
       Hand axe          |       |       |       |     6 |       ||     6
       Unarmed           |       |       |       |       |     3 ||     3
Throw: Tomahawk          |       |       |    37 |   197 |    91 ||   325
Invok: Greater Servant o |       |       |       |     4 |     2 ||     6
 Abil: Device Recharging |       |       |     6 |     4 |     7 ||    17
Evoke: Wand              |       |     1 |    31 |    18 |    25 ||    75
  Use: Scroll            |     6 |     5 |    12 |    15 |    10 ||    48
       Potion            |     1 |     2 |     6 |     6 |     1 ||    16
 Stab: Confused          |       |       |       |       |     2 ||     2
  Eat: Chunk             |     1 |     6 |     9 |    22 |    15 ||    53
       Royal jelly       |       |       |     1 |       |       ||     1
       Beef jerky        |       |       |       |     3 |       ||     3
Armor: Scale mail        |    33 |    66 |       |       |       ||    99
       Chain mail        |       |    32 |   141 |       |    72 ||   245
       Plate armour      |       |       |    28 |   371 |   168 ||   567
Dodge: Dodged            |    28 |    40 |    83 |   242 |   209 ||   602
Block: Shield            |    46 |    83 |   220 |   284 |       ||   633
       Large shield      |       |       |       |   344 |   632 ||   976
